 Dungeon Crawl Stone Soup version 0.30.1-6-gbe392663c4 (webtiles) character file.

Game seed: 15663658219326237683

53 Cheops the Caller (level 3, 0/24 HPs)
             Began as a Merfolk Summoner on Sept 21, 2023.
             Succumbed to an adder's poison
             ... on level 1 of the Dungeon.
             The game lasted 00:07:09 (3004 turns).

Cheops the Caller (Merfolk Summoner)                Turns: 3004, Time: 00:07:10

Health: 0/24       AC:  2    Str:  8    XL:     3   Next: 89%
Magic:  2/7        EV: 12    Int: 16    God:
Gold:   27         SH:  0    Dex: 14    Spells: 2/8 levels left

rFire   . . .        j - +0 dagger
rCold   . . .        (no shield)
rNeg    . . .        a - +0 robe
rPois   .            (no helmet)
rElec   .            (no cloak)
rCorr   .            (no gloves)
SInv    .            (no boots)
Will    .....        (no amulet)
Stlth   ++           (no ring)
HPRegen 0.24/turn    (no ring)
MPRegen 0.10/turn

%: no passive effects
@: lethally poisoned (0 -> -7)
A: (nimble swimmer 2), mertail
a: no special abilities


You were on level 1 of the Dungeon.
You visited 1 branch of the dungeon, and saw 2 of its levels.

You collected 27 gold pieces.

Inventory:

Hand Weapons
 j - a +0 dagger (weapon)
Armour
 a - a +0 robe (worn)
Scrolls
 c - a scroll of enchant armour {unknown}
 d - a scroll of torment {unknown}
 e - a scroll of amnesia {unknown}
 g - a scroll of fog {unknown}
 h - a scroll of teleportation {unknown}
 k - 2 scrolls of identify {unknown}
 l - a scroll of enchant weapon {unknown}
Potions
 b - a potion of magic
 f - a potion of curing {unknown}
 i - a potion of might {unknown}


   Skills:
 - Level 2.6 Dodging
 - Level 2.1 Stealth
 - Level 3.0 Spellcasting
 + Level 4.8 Summonings


You had 2 spell levels left.
You knew the following spells:

 Your Spells              Type           Power      Damage    Failure   Level
C - Call Canine Familiar  Summ           17%        N/A       8%          3
I - Call Imp              Summ           34%        N/A       4%          2
M - Summon Small Mammal   Summ           68%        N/A       2%          1

Your spell library contained the following spells:

 Spells                   Type           Power      Damage    Failure   Level
 Sandblast                Erth           4%         2d4       19%         1
 Passwall                 Tmut/Erth      1%         N/A       28%         2
 Sublimation of Blood     Necr           2%         N/A       28%         2
 Wereblood                Tmut           2%         N/A       28%         2
 Summon Guardian Golem    Hex/Summ       10%        N/A       22%         3
 Stone Arrow              Conj/Erth      4%         3d7       50%         3
 Summon Lightning Spire   Summ/Air       10%        N/A       56%         4
 Summon Hydra             Summ           8%         N/A       100%        7


Dungeon Overview and Level Annotations

Branches:
Dungeon (2/15)

Altars:

Shops:
D:1 (


Innate Abilities, Weirdness & Mutations

((You are very nimble when in or above water. (Stealth+, EV+, Speed+++)))
Your lower body shifts to a powerful aquatic tail in water.


Message History

Casting: Call Canine Familiar (quite dangerous; 8% risk of failure)
Confirm with . or Enter, or press ? or * to list all spells.
The spell is quite dangerous to miscast (8% risk of failure)!
Continue anyway?
The adder bites you but does no damage. The adder bites you.
Casting: Call Canine Familiar (quite dangerous; 8% risk of failure)
Confirm with . or Enter, or press ? or * to list all spells.
A tiny devil pulls itself out of the air.
The adder closely misses you.
You miss the adder. The adder completely misses you.
Your cerulean imp barely misses the adder.
You miss the adder. The adder bites you.
You are poisoned.
The adder poisons you!
Your cerulean imp hits the adder but does no damage.
You hit the adder.
The adder is moderately wounded.
You feel sick. The adder closely misses you. The adder bites you.
* * * LOW HITPOINT WARNING * * *
Your cerulean imp hits the adder from afar with a -3 spear.
You closely miss the adder.
The adder is severely wounded.
You feel sick. The adder bites you.
* * * LOW HITPOINT WARNING * * *
Your cerulean imp misses the adder.
You hit the adder.
The adder is almost dead.
You feel sick. The adder bites you.
* * * LOW HITPOINT WARNING * * *
You are lethally poisoned!
The adder poisons you!
Your cerulean imp barely misses the adder.
You hit the adder but do no damage.
The adder is almost dead.
* * * LOW HITPOINT WARNING * * *
You feel very sick. The adder closely misses you. The adder barely misses you.
Your cerulean imp barely misses the adder.
You hit the adder but do no damage.
The adder is almost dead.
You die...

# ##.# #.# # #.# #.# #
#############.# #.# #
#.............# #.# # #
#.###########.# #.#### # #
#.# #.# #....# # #
#######.###########.#######.#
# # #.............S........#
#.# # #
#.#...........@##.#.##.# #.#
# #.#.###.#####5###.#.##.#
#.# # #.#.# #.# #h##....##.##
#.# # ##.#.#
#.#####.#..∩..#.#.###.# #
#..#.#
#..............###.##.# #
#.##.#
#######.#.[...#.#.###.# #
#.##.# #.##...###.## #.#
#.##.#
######.###.####.####.##
##.##.#
#.....................#


You could see an adder (ally target), a friendly hound (summoned) and a friendly
cerulean imp (summoned).

Vanquished Creatures
  A nameless horror (D:1)
  2 dart slugs (D:1)
  2 ball pythons (D:1)
  2 hobgoblins (D:1)
  A frilled lizard (D:1)
  5 goblins
  A kobold (D:1)
  A rat (D:1)
15 creatures vanquished.

Vanquished Creatures (collateral kills)
  A gnoll (D:1)
  2 dart slugs (D:1)
  4 endoplasms (D:1)
  2 giant cockroaches (D:1)
  4 hobgoblins (D:1)
  A bat (D:1)
  A goblin (D:1)
  2 kobolds (D:1)
  2 rats (D:1)
19 creatures vanquished.

Grand Total: 34 creatures vanquished

Notes
Turn   | Place    | Note
-------+----------+-------------------------------------------
     0 | D:1      | Cheops the Merfolk Summoner began the quest for the Orb.
     0 | D:1      | Reached XP level 1. HP: 13/13 MP: 3/3
   503 | D:1      | Reached XP level 2. HP: 10/19 MP: 2/5
   744 | D:1      | Found Gikomiod's Antique Weapon Shoppe.
   895 | D:1      | Reached XP level 3. HP: 21/24 MP: 7/7
   898 | D:1      | Learned a level 2 spell: Call Imp
   902 | D:1      | Learned a level 3 spell: Call Canine Familiar
  1193 | D:1      | Noticed a nameless horror
  1212 | D:1      | Killed a nameless horror
  1844 | D:1      | Found Gikomiod's Antique Weapon Shoppe.
  2300 | D:1      | Found Gikomiod's Antique Weapon Shoppe.
  3004 | D:1      | Succumbed to an adder's poison

Illustrated notes

Levels and vault maps discovered:
D:1:      eino_arrival_cavern_b, layout_loops_ring, serial_shops, shop,
          chequers_serial_rivers_micro_d
D:2:      minmay_razor_zed, layout_loops_ring

Skill      XL: |  1  2 |
---------------+-------+-----
Spellcasting   | 3 |  3.0
Dodging        | |  2.6
Stealth        | |  2.1
Summonings     | |  4.8

Action                     || total
---------------------------++-------
  Melee: Unarmed           ||    23
         Dagger            ||    88
         Punch             ||     2
   Cast: Summon Small Mamm ||    31
         Call Canine Famil ||     5
         Call Imp          ||     2
   Stab: Distracted        ||     1
         Sleeping          ||     4
 Armour: Robe              ||    18
  Dodge: Dodged            ||    82
